 Dungeon Crawl Stone Soup version 0.17.2-1-ge4368a0 (webtiles) character file.

740 PearlOfTheDesert the Insei (level 7, 0/52 HPs)
             Began as a Mummy Monk on Sept 29, 2016.
             Slain by a giant gecko (1 damage)
             ... on level 4 of the Dungeon.
             The game lasted 00:22:28 (8086 turns).

PearlOfTheDesert the Insei (Mummy Monk)             Turns: 8086, Time: 00:22:28

Health: 0/52       AC:  3    Str: 14    XL:     7   Next: 46%
Magic:  7/7        EV: 15    Int: 10    God:
Gold:   204        SH:  0    Dex: 16    Spells: 0 memorised, 6 levels left

rFire  x . .     SeeInvis .       - Unarmed
rCold  + . .     Clarity  .     (no armour)
rNeg   + + +     SustAt   .     (no shield)
rPois  ∞         Gourm    .     d - +1 helmet
rElec  .         Spirit   .     (no cloak)
rCorr  .         Warding  .     a - +0 pair of gloves
rMut   .         Stasis   .     (no boots)
MR     .....                    (no amulet)
Stlth  ++........               (no ring)
                                (no ring)

@: not resistant to hostile enchantments, unstealthy
A: no food or potions, fire vulnerability, cold resistance 1, negative energy
resistance 3, torment resistance, unbreathing
a: no special abilities


You were on level 4 of the Dungeon.
You were not hungry.

You visited 1 branch of the dungeon, and saw 5 of its levels.
You also visited: Sewer.

You collected 204 gold pieces.


Innate Abilities, Weirdness & Mutations

You do not eat or drink.
Your flesh is vulnerable to fire.
You are immune to poison.
Your flesh is cold resistant.
You are immune to negative energy.
You are immune to unholy pain and torment.
You can survive without breathing.


   Skills:
 - Level 3.0 Fighting
 + Level 5.2 Dodging
 - Level 1.5 Stealth
 - Level 6.1 Unarmed Combat


You had 6 spell levels left.
You didn't know any spells.

Inventory:

Armour
 a - a +0 pair of gloves (worn)
 d - a +1 helmet (worn)
Jewellery
 j - an uncursed amulet of resist corrosion {unknown}
Scrolls
 b - 3 scrolls of amnesia (quivered)
 c - a scroll of teleportation {unknown}
 e - a scroll of immolation {!r}
 f - a scroll of noise {!r}
 g - 2 scrolls of fear
 h - a scroll of fog {unknown}
 i - 2 scrolls of remove curse

Dungeon Overview and Level Annotations

Branches:
Dungeon (5/15)             Temple (0/1) D:4

Altars:
Gozag
Sif Muna
Trog
Xom

Annotations:
D:3 Uncle Yiff, exclusions: water moccasin and 1 more exclusion
D:4 Gifts of papa xom

▒▒.....▒▒.▒ ▒...[▒▒
▒▒...▒▒▒.▒▒▒▒▒▒▒▒....▒
▒▒▒▒▒▒▒.▒▒........▒.▒
▒▒....▒.▒▒▒...▒▒.▒
▒.......▒▒..▒▒▒▒.▒
▒▒▒.>..▒....▒▒▒▒▒.▒▒
▒...................
▒...........▒▒▒▒▒.▒▒
▒..M......▒.▒▒ ▒▒▒▒
▒.l......./..▒▒▒▒▒▒.
▒%.......▒▒'▒▒♣≈≈▒▒.
▒........▒▒≈≈♣▒♣♣≈'.
▒▒▒▒▒▒▒▒.▒≈♣♣≈♣▒♣≈▒.
▒.▒≈♣▒♣≈♣≈♣▒▒
▒.▒♣▒♣≈≈≈♣▒♣▒
▒.▒▒♣≈♣≈♣▒♣≈▒
▒..▒≈♣▒♣≈♣♣≈▒


You could see a giant gecko.


Message History

The orc priest mumbles some strange prayers to Beogh against you!
Something smites you!!! The giant gecko barely misses you!
Found 22 gold pieces and a white potion!
An orc priest comes into view! It is wielding a mace!
Found 12 gold pieces!
The orc priest miscasts a cantrip!
The orc priest invokes the aid of Beogh against you!
Something smites you!!!
The giant gecko bites you! * * * don't die
* * * The orc priest shouts!!!
Found 17 arrows!
The orc priest calls down the wrath of Beogh upon you!
Something smites you!!! * * * don't die
* * * The orc priest mumbles some strange prayers to Beogh against you!
Something smites you!!! * * * don't die
* * *
There is a stone staircase leading up here!
The giant gecko bites you! * * * don't die
* * * The orc wizard casts a cantrip, but nothing happens!
You climb upwards!
Level annotation: Gifts of papa xom
There is a stone staircase leading down here!
You barely miss the giant gecko! The giant gecko barely misses you!
Enter note: fun Read which item? (? for menu, Esc to quit)
Okay, then!
You barely miss the giant gecko! The giant gecko bites you! rip

Action                   |  1- 3 |  4- 6 |  7- 9 || total
-------------------------+-------+-------+-------++-------
Melee: Unarmed           |   166 |   288 |    71 ||   525
  Use: Scroll            |       |     4 |     1 ||     5
 Stab: Sleeping          |     3 |     8 |       ||    11
       Confused          |       |     3 |     2 ||     5

Vault maps used:
D:1:      roderic_dead_forest
D:2:      first_bread
D:3:      old_standard_altar, serial_bayou_lake_a, uniq_crazy_yiuf_cottage
D:4:      xom_confusion_cloud, lemuel_round_altar,
          lemuel_temple_firewalk_marked, gup_sewer_entry_pipe,
          saegor_snake_ambush
D:5:      lemuel_ice_spiral_2, general_overflow_altar
Sewer:    sewer_co_purgy_island

Notes
Turn   | Place    | Note
--------------------------------------------------------------
     0 | D:1      | PearlOfTheDesert the Mummy Monk began the quest for the Orb.
     0 | D:1      | Reached XP level 1. HP: 18/18 MP: 1/1
   281 | D:1      | Reached XP level 2. HP: 12/24 MP: 2/2
   414 | D:1      | HP: 1/24 [hobgoblin (2)]
   778 | D:1      | Reached skill level 4 in Unarmed Combat
  1107 | D:1      | Reached XP level 3. HP: 29/29 MP: 3/3
  2668 | D:3      | Reached XP level 4. HP: 35/35 MP: 4/4
  2674 | D:3      | Found a bloodstained altar of Trog.
  3286 | D:3      | Noticed a water moccasin
  3287 | D:3      | I told you this thing started in .17
  3350 | D:4      | Found a shimmering altar of Xom.
  3389 | D:4      | Found an opulent altar of Gozag.
  3402 | D:4      | Noticed a phantom
  3403 | D:4      | oh come on
  3413 | D:4      | Noticed a big kobold
  3415 | D:4      | COME ON
  3415 | D:4      | WHAT IS THIS
  3415 | D:4      | WHAT IS MY LIFE
  3718 | D:4      | Reached skill level 5 in Unarmed Combat
  3973 | D:4      | Found a glowing drain.
  3990 | Sewer    | Entered a sewer
  3991 | Sewer    | aaand it's purgy's
  4016 | Sewer    | Reached XP level 5. HP: 41/41 MP: 5/5
  4084 | Sewer    | Reached skill level 3 in Dodging
  4122 | Sewer    | Noticed Purgy
  4530 | D:3      | Killed a big kobold
  4530 | D:3      | Reached skill level 4 in Dodging
  4780 | D:4      | Reached XP level 6. HP: 36/47 MP: 6/6
  5421 | D:4      | Killed a phantom
  5592 | D:4      | Reached skill level 5 in Dodging
  5695 | D:4      | Found a staircase to the Ecumenical Temple.
  6595 | D:5      | Entered Level 5 of the Dungeon
  6858 | D:4      | Reached XP level 7. HP: 52/52 MP: 7/7
  7561 | D:4      | Reached skill level 6 in Unarmed Combat
  7759 | D:5      | Found a deep blue altar of Sif Muna.
  8082 | D:5      | HP: 3/52 [orc priest/divine providence (9)]
  8083 | D:5      | HP: 1/52 [giant gecko (2)]
  8086 | D:4      | fun
  8086 | D:4      | Slain by a giant gecko

Vanquished Creatures
  An ice beast (D:4)
  A big kobold (D:3)
  A phantom (D:4)
  An orc priest (D:5)
  A hound (D:4)
  A giant frog skeleton (D:4)
  An iguana (D:4)
  3 worker ants (D:4)
  4 gnolls (D:4)
  8 adders
  An ooze (D:1)
  3 worms
  8 giant geckos
  7 orcs
  7 bats
  3 giant cockroaches
  5 goblins
  10 hobgoblins
  4 jackals (D:3)
  3 quokkas
  2 ball pythons
  9 giant newts
  8 kobolds
  A quokka skeleton (D:3)
  6 rats (D:1)
99 creatures vanquished.

Vanquished Creatures (others)
  A sky beast (D:4)
  2 ogres (D:4)
  2 hounds (D:4)
  A worker ant (D:4)
  An orc wizard (D:4)
  A giant newt (D:4)
8 creatures vanquished.

Grand Total: 107 creatures vanquished
